[Event "German Rapid Championship 2022"]
[Site "Goettingen"]
[Date "2022.09.25"]
[Round "6.4"]
[White "Laux, Dominik"]
[Black "Heider, Martin"]
[Result "1/2-1/2"]
[ECO "B07"]
[WhiteElo "2248"]
[BlackElo "2393"]
[Annotator "TA"]
[PlyCount "95"]
[EventDate "2022.09.24"]
[EventType "swiss"]
[EventCountry "GER"]
[SourceTitle "playchess.com"]
[Source "ChessBase"]
[SourceQuality "1"]
[TimeControl "900+10"]

1. d4 d6 2. e4 Nf6 3. Nc3 c6 4. f4 Qa5 5. Bd3 e5 6. dxe5 dxe5 7. Nf3 {[%emt 0:00:18] B07: Pirc Defence: Miscellaneous Systems.} Nbd7 8. O-O Bd6 {[%emt 0:01:03] [#]} 9. Qe1 $146 {[%emt 0:02:11] The position is equal.} ({Predecessor:} 9. f5 Bc5+ 10. Kh1 Ng4 11. Qe1 h5 12. h3 b5 13. hxg4 hxg4+ 14. Nh2 Nf6 15. Be3 {1-0 (33) Bodnar,N (2438)-Hoffmann,A (2185) Chess.com INT 2022}) 9... Qc7 (9... exf4 $2 10. e5 Nxe5 11. Bxf4 $18) (9... O-O {is interesting.} 10. f5 b5 11. a4 Bb7) 10. f5 Nc5 11. Qg3 Rg8 (11... Kf8 {looks sharper.} 12. Be3 Bxf5 13. exf5 e4) 12. Bg5 {[%emt 0:00:59] aiming for Bxf6.} Qe7 13. Kh1 Bd7 (13... h6 $14 14. Bxf6 Qxf6) 14. Rad1 (14. Bxf6 $16 Qxf6 15. Be2) 14... O-O-O $14 15. Qe1 $36 {[%emt 0:00:21][%mdl 2048] White has the initiative.} h6 16. Bh4 g5 17. fxg6 fxg6 18. Bc4 {[%emt 0:00:33] Strongly threatening Bxf6.} Rgf8 (18... Be6 $14 {should be considered.} 19. Bxf6 Qxf6) 19. Qd2 {[%emt 0:00:42][%csl LRd6,LRh6] White is more active.} Be6 20. Bxe6+ Qxe6 (20... Nxe6 $142 21. Qxh6 Qe8) 21. Qxh6 $16 Ng4 (21... Qe8 $16 22. Qe3 b6) 22. Qg5 $18 Rd7 {[%emt 0:00:20] ...Be7 is the strong threat.} 23. h3 Be7 24. Qxg4 Qxg4 25. hxg4 Rxd1 26. Rxd1 (26. Nxd1 Bxh4 27. Kg1 Bg3 $14) 26... Bxh4 27. Nxh4 Rh8 28. g3 g5 {[%emt 0:00:01] [#]} 29. Kg2 $1 gxh4 {[%emt 0:00:03][%mdl 4096] Endgame KRN-KRN} 30. Rh1 $1 h3+ (30... Rg8 $142 31. gxh4 (31. Rxh4 Kd7 $18) 31... Rxg4+ 32. Kf3 Rf4+ 33. Ke3 Nd7) 31. Rxh3 Rd8 32. Rh6 Rd2+ (32... Kd7 {was necessary.} 33. g5 Rg8) 33. Kh3 Kd7 {[%emt 0:00:08] [#]} 34. g5 $1 Rxc2 {[%emt 0:00:13] [#]} 35. Kg4 (35. Rf6 $1 $18) 35... b5 $2 (35... Rxb2 $16 36. Kf5 Rg2) 36. Rh7+ Ke6 $2 (36... Ke8 37. Rc7 (37. Rxa7 Rxb2 38. g6 Kf8 $18) 37... b4) 37. Rc7 (37. g6 $142) 37... Kd6 38. Rxa7 Rxb2 39. g6 {[%emt 0:00:26] Threatens to win with g7.} Ne6 40. g7 Nxg7 41. Rxg7 {[%emt 0:00:01] KRN-KR} b4 42. Nd1 ({Weaker is} 42. Rg6+ Kc7 43. Na4 (43. Rg7+ Kd6 $18) 43... Rxa2 $18) 42... Rxa2 43. Rb7 c5 44. Ne3 Kc6 45. Rb8 Kc7 46. Rb5 Kc6 47. Rb8 Kc7 48. Rb5 $2 {Weighted Error Value: White=0.39/Black=0.31} ({White should play} 48. Re8 $18) 1/2-1/2

[Event "German Rapid Championship 2022"]
[Site "Goettingen"]
[Date "2022.09.25"]
[Round "6.5"]
[White "Lubbe, Nikolas"]
[Black "Knuedel, Torben"]
[Result "1-0"]
[ECO "A40"]
[WhiteElo "2479"]
[BlackElo "2221"]
[Annotator "TA"]
[PlyCount "93"]
[EventDate "2022.09.24"]
[EventType "swiss"]
[EventCountry "GER"]
[SourceTitle "playchess.com"]
[Source "ChessBase"]
[SourceQuality "1"]
[TimeControl "900+10"]

1. d4 e6 2. Nf3 c5 3. e3 Nf6 4. c4 cxd4 5. exd4 d5 6. Nc3 Be7 7. Bd3 Nc6 8. O-O Nb4 9. Be2 dxc4 10. Bxc4 O-O 11. Bg5 Bd7 {[%emt 0:04:57] [#] B14: Caro-Kann: Panov-Botvinnik Attack with 5...e6 and 5...g6.} 12. Qe2 $146 ({Predecessor:} 12. Ne5 Rc8 13. a3 Nbd5 14. Nxd5 Nxd5 15. Bxd5 exd5 16. Bxe7 Qxe7 17. Qb3 Be6 18. Rfe1 Rc7 19. Nd3 {½-½ (66) Sychev,K (2556)-Kovalev,D (2487) Chess.com INT 2021}) 12... Bc6 13. Rad1 h6 {[%emt 0:00:59] The position is equal.} 14. Bc1 Rc8 15. Ne5 Nfd5 ({Better is} 15... Bd6 $11) 16. Ne4 (16. Bb3 $14) 16... f5 (16... Nb6 $11 {remains equal.} 17. b3 Bd5) 17. Nc3 {[%emt 0:00:16] White is more active.} (17. Nc5 $16 Bxc5 18. dxc5) 17... Qd6 18. Ng6 (18. Nxc6 $16 Qxc6 19. Bb3) 18... Rf6 $1 $11 19. Nxe7+ Qxe7 20. Rfe1 ({White should try} 20. Bd2 $11) 20... Nxc3 $15 21. bxc3 Nd5 (21... Bd5 $15 22. Bxd5 Nxd5) 22. Bd2 $14 Qf7 23. Bb3 b5 24. c4 bxc4 25. Bxc4 Kh8 26. Rc1 {[%emt 0:00:14][%cal Bd1c1,Bc1c5,Bc5e5][%mdl 32] aiming for Ba6.} Re8 27. Bb3 $36 {[%emt 0:01:03][%mdl 2048] White is more active. A strong pair of Bishops. White now steadily converts the win.} (27. Qe5 {looks sharper.} Rg6 28. Bb3 Bb7 29. f3) 27... Bb7 28. Rc5 {[%emt 0:00:04] [#] Black must now prevent Bxd5.} Nb6 (28... Rc8 $142) 29. Re5 Qg6 30. f3 Kh7 (30... Rd8 $16 31. Rxe6 (31. Bxe6 Bd5 $16) 31... Bd5) 31. d5 $18 ({Worse is} 31. Rxe6 Rfxe6 32. Bxe6 Bxf3 33. Bg8+ (33. Qxf3 Rxe6 34. Rf1 Nc4 $11) 33... Rxg8 $11) ({Inferior is} 31. Bxe6 Bxf3 32. Qxf3 Rfxe6 $11) 31... Nc8 $2 {[%emt 0:01:00] [#]} (31... Nd7) 32. dxe6 Ne7 33. Bc3 Rff8 34. Bb4 (34. Rd1 $142) 34... Rf6 (34... Nc6 $142) 35. Bc3 Rff8 $1 36. Kh1 Nc6 $2 (36... Rc8 {was necessary.}) 37. Rc5 Re7 38. Qb5 Nd8 39. Rce5 Nc6 40. R5e2 Rfe8 41. Bb2 Nd8 42. Ba3 Bc6 43. Qd3 Rxe6 44. Bxe6 Nxe6 45. Qd6 {[%emt 0:00:07][%csl LRc6,LRe6] Against Nf4} f4 (45... Bd5 $142 46. Qxd5 Nf4) 46. Qxc6 Qf5 47. Qxe8 {[%emt 0:00:16] Weighted Error Value: White=0.39/Black=0.58} 1-0

[Event "German Rapid Championship 2022"]
[Site "Goettingen"]
[Date "2022.09.25"]
[Round "6.6"]
[White "Kopylov, Michael"]
[Black "Muckle, Julius"]
[Result "1-0"]
[ECO "D11"]
[WhiteElo "2371"]
[BlackElo "2401"]
[Annotator "TA"]
[PlyCount "98"]
[EventDate "2022.09.24"]
[EventType "swiss"]
[EventCountry "GER"]
[SourceTitle "playchess.com"]
[Source "ChessBase"]
[SourceQuality "1"]
[TimeControl "900+10"]

1. d4 d5 2. c4 c6 3. Nf3 Nf6 4. Qc2 g6 5. Bf4 Bf5 6. Qb3 Qb6 7. e3 {[%emt 0:00:03] 7.e3 is better than 7.c5.} Nbd7 8. Nc3 {[%emt 0:00:03] D11: Slav Defence: 3 Nf3 sidelines and 3...Nf6 4 e3 Bg4.} Bg7 9. h3 O-O 10. Be2 {[%emt 0:00:03] The position is equal.} Ne4 (10... dxc4 {seems wilder.} 11. Bxc4 Ne4 12. O-O Qxb3 13. Bxb3 Nxc3 14. bxc3 Bd3) 11. cxd5 Nxc3 $1 12. bxc3 Qxb3 (12... Nc5 $11 {keeps the balance.} 13. Qa3 Nd3+ 14. Bxd3 Bxd3) 13. axb3 $16 {[%emt 0:00:01] And now dxc6 would win.} cxd5 14. O-O {[%emt 0:00:55] [#]} f6 $146 (14... Rfc8 $14) ({Predecessor:} 14... Rfc8 15. c4 dxc4 16. bxc4 a5 17. g4 e5 18. Bg3 Bc2 19. dxe5 Nc5 20. Nd4 Bd3 {1-0 (38) Tran,T (2491)-Tran,M (2337) Budapest 2018}) 15. Ra5 e5 16. Bg3 Be6 17. dxe5 {[%emt 0:01:49] White is more active.} Nxe5 18. Bxe5 fxe5 19. Ng5 b6 20. Rb5 Bf5 21. Rxd5 h6 22. Nf3 Be6 23. Rb5 Bd7 24. Rd5 Be6 25. Rd6 $36 {[%emt 0:00:01][%mdl 2048] White is more active.} Bxb3 26. Rxg6 Rac8 27. Ra1 e4 (27... Bf7 $16 28. Rg3 e4) 28. Nd4 $18 ({Worse is} 28. Rxa7 Rf7 29. Rxf7 Bxf7 30. Rxb6 exf3 31. Bxf3 Rxc3 $15) 28... Bf7 29. Rg3 (29. Rg4 $18 {Strongly threatening Nf5.} h5 30. Rg5 (30. Rxe4 a5 $16)) 29... Kh8 30. Rxa7 {[%emt 0:00:36][%cal Od4e6] Threatens to win with Ne6!} Rxc3 {[%emt 0:00:03] [#]} 31. Rxg7 Kxg7 32. Ne6+ $1 Kg8 33. Nxf8 Kxf8 {[%emt 0:00:01][%mdl 4096] Endgame KRB-KRB} 34. Bg4 b5 {[%emt 0:00:39] [#]} (34... Bg6 $142 35. Bd7 Rc1+ 36. Kh2 Rd1) 35. Rb7 $1 Bc4 (35... Be8 $142 36. Rh7 Rc1+ 37. Kh2 Rc6) 36. Bf5 Bd3 37. Kh2 Rc5 38. Be6 (38. g4 $142) 38... Re5 39. Bd7 Rd5 $2 (39... h5 {was worth a try.} 40. h4 Rd5) 40. Kg3 $2 (40. g4 $18) 40... Rg5+ $16 {[%emt 0:00:01] [#]} 41. Kh2 $2 (41. Bg4 $1 $16) 41... Rd5 $1 $18 42. g4 Rc5 43. Kg3 Rd5 44. h4 Rc5 45. Bf5 Ke8 46. Kf4 Rc2 47. Bxe4 Bxe4 (47... Rxf2+ $142 48. Kg3 Rd2 49. Bxd3 Rxd3) 48. Kxe4 Rxf2 49. Rxb5 Kf7 {[%emt 0:00:03] Weighted Error Value: White=0.31/Black=0.29 (precise)} 1-0

[Event "German Rapid Championship 2022"]
[Site "Goettingen"]
[Date "2022.09.25"]
[Round "6.7"]
[White "Hampel, Felix"]
[Black "Langrock, Hannes"]
[Result "0-1"]
[ECO "E04"]
[WhiteElo "2326"]
[BlackElo "2358"]
[Annotator "TA"]
[PlyCount "134"]
[EventDate "2022.09.24"]
[EventType "swiss"]
[EventCountry "GER"]
[SourceTitle "playchess.com"]
[Source "ChessBase"]
[SourceQuality "1"]
[TimeControl "900+10"]

1. d4 Nf6 2. Nf3 d5 3. c4 e6 4. g3 dxc4 5. Bg2 c5 6. O-O Nc6 7. dxc5 Qxd1 8. Rxd1 Bxc5 9. Nbd2 c3 10. bxc3 O-O 11. Nb3 Be7 12. c4 Bd7 13. Bb2 {[%emt 0:00:40] E04: Open Catalan: 5 Nf3.} Rfc8 14. Bxf6 Bxf6 15. Rxd7 {[%emt 0:00:01] The position is equal.} Bxa1 16. Nxa1 {[%emt 0:00:01] And now Nb3 would win.} Rd8 17. Rd2 Ne5 18. Nb3 ({But not} 18. Nxe5 $2 Rxd2 19. Nb3 Rxe2 $19) 18... Nxc4 19. Rc2 Rd1+ 20. Bf1 Rc8 {[%emt 0:01:17][%cal Od1f1] [#]} 21. Nfd2 $146 (21. Nbd2 $11 Nd6 22. Rb2) ({Predecessor:} 21. Nbd2 b5 22. a4 Nb6 23. Rxc8+ Nxc8 24. axb5 Nd6 25. e3 Nxb5 26. Kg2 Nc3 27. Nc4 {½-½ (56) Nakamura,H (2736)-Praggnanandhaa,R (2608) chess24.com INT 2021}) 21... b5 $17 22. e3 {[%emt 0:00:29] [#]} (22. a3 $142) 22... a5 $1 {[%emt 0:01:03][%cal Ba7a5,Ba5a4][%mdl 32] Black has more active pieces.} 23. Nxc4 (23. Nf3 $17 {only move.}) 23... Rxc4 $19 24. Rb2 a4 {[%emt 0:03:03][%mdl 1024] Black has strong compensation.} 25. Nd2 Rcc1 26. Kg2 Kf8 {[%emt 0:01:00] White must now prevent ...a3.} 27. a3 ({Wrong is} 27. Bxb5 $2 a3 28. Rb3 Rxd2 29. Rxa3 Rcc2 $19) (27. Nf3 $142 Rxf1 28. Rxb5) 27... Ra1 $2 (27... b4 $1 $19 28. axb4 a3) 28. Bxb5 $16 Rxa3 {[%emt 0:00:03] [#]} 29. Nc4 (29. Be2 $1 $16 Rc1 30. Rb8+ Ke7 31. Ne4) 29... Raa1 $11 {[%emt 0:00:07] aiming for ...Rg1+.} 30. Rb4 $2 {[%emt 0:01:20] Black keeps a firm grip on the game.} (30. Bc6 $1 $11) 30... Rdb1 $19 ({Worse is} 30... a3 31. Ra4 $15) 31. Rxa4 Rxa4 {[%emt 0:00:06][%mdl 64] Remove Defender} 32. Bxa4 Rb4 $1 33. Bc6 Rxc4 {[%emt 0:00:02][%mdl 4096] Endgame KR-KB} 34. Bb7 Rb4 35. Bc6 Rb2 36. g4 Ke7 37. Kg3 Rc2 38. Be4 Rc8 39. h4 h6 40. Bb7 (40. f4 {was worth a try.}) 40... Rb8 41. Be4 Kd6 42. Bd3 Rb2 43. Be4 Kc5 44. Bd3 Kb4 45. Bh7 Kc5 46. Bd3 $1 Rb4 47. Kf3 Ra4 {[%emt 0:00:10][%cal Oh6h5] Hoping for ...h5!} 48. Kg3 Ra7 {[%emt 0:00:01] Threatens to win with ...Kb4.} 49. Be4 g5 {[%emt 0:00:28] Strongly threatening ...Kc4.} 50. hxg5 (50. Bh7 {might work better.}) 50... hxg5 51. Bd3 $2 (51. Kf3) 51... Kb4 {[%emt 0:00:08] ( -> ...Kc3)} 52. Bh7 Kc3 53. Kf3 Kd2 54. Bg8 Ke1 55. Kg3 Ke2 56. Kg2 e5 57. Kg3 Rb7 58. Kg2 f6 59. Kg3 Rb2 60. Bf7 Ke1 61. f4 Ke2 {[%emt 0:00:15] Black mates.} 62. fxg5 fxg5 63. e4 Ke3 64. Bg6 Rf2 65. Bh7 Rf3+ 66. Kg2 Rf4 67. Kg3 Rxe4 {[%emt 0:00:08] Weighted Error Value: White=0.56/Black=0.27 (precise)} 0-1

[Event "German Rapid Championship 2022"]
[Site "Goettingen"]
[Date "2022.09.25"]
[Round "6.8"]
[White "Karsay, Pascal"]
[Black "Spiess, Gunter"]
[Result "0-1"]
[ECO "A06"]
[WhiteElo "2269"]
[BlackElo "2384"]
[Annotator "TA"]
[PlyCount "68"]
[EventDate "2022.09.24"]
[EventType "swiss"]
[EventCountry "GER"]
[SourceTitle "playchess.com"]
[Source "ChessBase"]
[SourceQuality "1"]
[TimeControl "900+10"]

1. Nf3 d5 2. e3 Nf6 3. c4 e6 4. Nc3 dxc4 5. Bxc4 c5 6. O-O a6 7. d4 b5 8. Bb3 Bb7 9. e4 {[%emt 0:00:02] D27: Queen's Gambit Accepted: Classical main line: 7 e4!? and 7 a4.} cxd4 10. Nxd4 {[%emt 0:00:07] With the idea e5.} Nc6 11. Be3 {[%emt 0:00:32] The position is equal.} Nxd4 12. Bxd4 Be7 ({Much less strong is} 12... Nxe4 13. Nxe4 Bxe4 14. Re1 $14) 13. f3 Rc8 {[%emt 0:01:02] [#]} 14. Be3 $146 ({Predecessor:} 14. Ne2 O-O 15. Be3 Bc5 16. Bxc5 Rxc5 17. Qxd8 Rxd8 18. Rac1 Rxc1 19. Rxc1 Kf8 20. Kf2 {1-0 (59) Levin,F (2482)-Scholz,C (2387) Germany 2011}) 14... Qc7 15. Rc1 {[%emt 0:00:18][%cal Oc3b5] Nxb5! is the strong threat.} Qb8 16. Qd2 $1 Bd6 17. f4 {[%emt 0:02:35] Strongly threatening e5.} Bb4 18. e5 Ne4 19. Qd4 (19. Qe2 $11 {remains equal.}) 19... Nxc3 (19... Bc5 $17 20. Qd3 Rd8) 20. bxc3 $11 Bc5 21. Qxc5 (21. Qd3 $15) 21... Rxc5 $17 22. Bxc5 Qc7 ({Black should play} 22... Qc8 $19 23. Bd6 Qc6) 23. Bd6 (23. Ba3 $142) 23... Qc6 24. Rc2 a5 $36 {[%emt 0:00:57][%cal Ba6a5,Ba5a4][%mdl 2080] Hoping for ...a4. Keeping White busy.} 25. f5 (25. Rcf2 $142) 25... a4 $19 26. fxe6 f6 {[%emt 0:00:02][%cal Bf7f6,Bf6f5][%mdl 32] Really sharp!} ({But not} 26... axb3 27. exf7+ Kd7 28. axb3 $18) 27. Rcf2 (27. Bxa4 {was called for.} bxa4 28. Rb2) 27... axb3 28. axb3 Qd5 {[%emt 0:00:48] Inhibits Rd1.} 29. e7 f5 30. c4 Qe4 31. cxb5 h5 {[%emt 0:00:02] Threatens to win with ...Rh6.} 32. b4 $2 (32. Rd1) 32... Rh6 {[%emt 0:00:09] ( -> ...Rg6)} 33. Rd1 Rg6 34. Rdd2 {[%emt 0:00:04] [#]} Qe1+ {Weighted Error Value: White=0.73/Black=0.14 (very precise)} (34... Rxg2+ $142 $3 35. Kf1 {[#]} Rg1+ $3 36. Kxg1 Qh1#) 0-1

[Event "German Rapid Championship 2022"]
[Site "Goettingen"]
[Date "2022.09.25"]
[Round "6.9"]
[White "Reichmann, Hendrik"]
[Black "Arndt, Magnus"]
[Result "0-1"]
[ECO "A45"]
[WhiteElo "2307"]
[BlackElo "2384"]
[Annotator "TA"]
[PlyCount "70"]
[EventDate "2022.09.24"]
[EventType "swiss"]
[EventCountry "GER"]
[SourceTitle "playchess.com"]
[Source "ChessBase"]
[SourceQuality "1"]
[TimeControl "900+10"]

1. d4 Nf6 2. Nc3 d5 3. Bf4 c5 4. e4 cxd4 5. Qxd4 Nc6 6. Bb5 {[%emt 0:00:03][%cal Re4d5] D00: 1 d4 d5: Unusual lines.} Bd7 7. Bxc6 Bxc6 8. e5 {[%emt 0:00:02] The position is equal.} Ne4 {[%emt 0:01:08] [#]} 9. Nxe4 $146 (9. e6 {seems wilder.} Qb6 10. Qxb6 axb6 11. Nxe4 dxe4 12. Ne2) ({Predecessor:} 9. e6 fxe6 10. Nf3 Qb6 11. Qxb6 axb6 12. Nxe4 dxe4 13. Nd4 Ra5 14. Bc7 Bd5 15. Bxb6 {1-0 (40) Gatineau,Y (2368)-Rakotomaharo,F (2490) Lodz 2022}) 9... dxe4 10. Ne2 e6 11. Qxd8+ Rxd8 12. Rd1 Rxd1+ 13. Kxd1 Bc5 14. Be3 Bxe3 15. fxe3 $15 {[%emt 0:00:02][%mdl 4096] Endgame KRB-KRN} Ke7 16. Kc1 f6 17. exf6+ gxf6 18. Rd1 Rg8 19. g3 e5 20. c4 Rg5 21. Nc3 Rf5 22. Rd2 Rf3 23. Re2 a5 24. b3 Kd6 25. a3 Kc5 26. a4 {[%emt 0:03:00] [#]} (26. Nb1 $1 $11 {and White has nothing to worry.}) 26... h5 (26... f5 $1 $19 {White must now prevent ...f4.} 27. Kc2 h5) 27. Kc2 ({White should play} 27. Nd1) 27... f5 28. Nb1 f4 29. exf4 exf4 30. Nd2 $2 (30. gxf4 $17 Rxf4 31. Nc3) 30... fxg3 $19 31. hxg3 {[%emt 0:00:02] [#]} Kd4 $1 32. Rh2 Rc3+ 33. Kd1 Rxg3 {[%emt 0:00:14] aiming for ...e3.} 34. Rxh5 e3 35. Rh4+ Ke5 {Weighted Error Value: White=0.74/Black=0.23 (precise)} (35... Kd3 $142 36. Nf1 Rg1 37. Rf4 e2+ 38. Ke1 Bg2 39. Rd4+ Kxd4 40. Kxe2 Rxf1 41. c5 Bh3 42. b4 axb4 43. c6 bxc6 44. a5 b3 45. a6 b2 46. a7 b1=Q 47. a8=Q Qe1#) 0-1

[Event "German Rapid Championship 2022"]
[Site "Goettingen"]
[Date "2022.09.25"]
[Round "6.10"]
[White "Tschernatsch, Johannes"]
[Black "Feuerstack, Aljoscha"]
[Result "0-1"]
[ECO "B40"]
[WhiteElo "2294"]
[BlackElo "2464"]
[Annotator "TA"]
[PlyCount "58"]
[EventDate "2022.09.24"]
[EventType "swiss"]
[EventCountry "GER"]
[SourceTitle "playchess.com"]
[Source "ChessBase"]
[SourceQuality "1"]
[TimeControl "900+10"]

1. e4 c5 2. Nf3 e6 3. g3 d5 4. exd5 exd5 5. d4 cxd4 6. Nxd4 {[%emt 0:00:22] B40: Sicilian: 2...e6, Unusual lines.} Nc6 7. Bg2 Bc5 8. Be3 (8. Nb3 $11 Qe7+ 9. Kf1 (9. Qe2 Bb6 $11)) 8... Nxd4 $15 9. Bxd4 Qe7+ 10. Kf1 Nf6 11. Nc3 O-O {[%emt 0:00:54] [#]} 12. Bxf6 $146 ({Predecessor:} 12. h3 Bf5 13. Rc1 Rad8 14. Bf3 Ne4 15. Kg2 Ng5 16. Bg4 Be4+ 17. f3 f5 18. Bh5 {0-1 (27) Zubov,A (2598)-Volokitin,A (2652) Kiev 2021}) 12... Qxf6 {[%emt 0:00:02][%csl Gc5][%cal Rf6f2] [#]} 13. Qf3 Qb6 {[%emt 0:02:50] Black is more active.} 14. b3 Qg6 $36 {[%emt 0:02:28][%mdl 2048] Black fights for an advantage.} (14... d4 {seems wilder.} 15. Na4 Qa5 16. h4 Be7) 15. Qxd5 Bb6 16. Ne4 $2 {[%emt 0:02:27] This costs White the game.} ({White should play} 16. Qd2 $1 $15) 16... Bf5 $19 {[%emt 0:00:33] [#] White must now prevent ...Rad8.} 17. h4 Rad8 18. h5 {[%emt 0:00:19] Threatens to win with Qxd8.} ({Wrong is} 18. Qxb7 $2 Rd7 19. Qa6 (19. h5 $2 Qe6 $19) 19... Bxe4 $19) 18... Bxe4 ({And not} 18... Rxd5 19. hxg6 Re5 20. gxh7+ Bxh7 21. Nd6 $11) 19. hxg6 Bxd5 {[%emt 0:00:07] A strong pair of Bishops.} 20. gxh7+ Kh8 21. Re1 $2 (21. Bxd5 Rxd5 22. Re1) 21... Bxg2+ 22. Kxg2 Rd2 {[%emt 0:00:01][%csl LRc2,LRf2] Inhibits Re2.} 23. Re7 Rxf2+ 24. Kh3 Kxh7 {[%emt 0:00:27] ...Kg6 is the strong threat.} 25. c4 Kg6 {[%emt 0:00:10] ( -> ...Rh8+)} 26. Re4 Bd8 {[%emt 0:00:25] aiming for ...f5.} 27. g4 Bc7 {[%emt 0:00:02][%cal Rf8h8] Black mates.} 28. g5 Rh8+ 29. Rh4 Rd8 {[%emt 0:00:01] Weighted Error Value: White=0.91/Black=0.07 (flawless)} 0-1

[Event "German Rapid Championship 2022"]
[Site "Goettingen"]
[Date "2022.09.25"]
[Round "6.11"]
[White "Langheinrich, Ferenc"]
[Black "Perkampus, Laurin"]
[Result "1-0"]
[ECO "A06"]
[WhiteElo "2366"]
[BlackElo "2123"]
[Annotator "TA"]
[PlyCount "79"]
[EventDate "2022.09.24"]
[EventType "swiss"]
[EventCountry "GER"]
[SourceTitle "playchess.com"]
[Source "ChessBase"]
[SourceQuality "1"]
[TimeControl "900+10"]

1. Nf3 d5 2. g3 g6 3. Bg2 Bg7 4. d4 Nf6 5. O-O O-O 6. c3 Nbd7 7. Bf4 c5 {[%emt 0:00:23] D02: 1 d4 d5 2 Nf3 sidelines, including 2...Nf6 3 g3 and 2...Nf6 3 Bf4.} 8. dxc5 Nxc5 9. Nbd2 Bf5 {[%emt 0:01:37] [#] Black is slightly better.} 10. a4 $146 ({Predecessor:} 10. Nd4 Bd7 11. N2b3 Qb6 12. Nxc5 Qxc5 13. Qb3 Bc6 14. Rad1 Nd7 15. e4 dxe4 16. Nxc6 Qxc6 17. Bxe4 Qxe4 18. Rxd7 {1-0 (26) Kulvietis,M (1991)-Mitchell,A (2046) IECG email 1999}) 10... a5 11. Nb3 Qc8 12. Nxc5 Qxc5 13. Qb3 Qc8 14. Rfd1 Rd8 15. Be5 Be4 16. Qb5 Ra6 17. Rac1 Qe6 (17... Ne8 $11 {keeps the balance.} 18. Bxg7 Nd6) 18. Bc7 Rc8 19. Ng5 (19. Qxb7 d4 20. Qb5 Bxf3 21. Bxf3 Rxc7 $17) 19... Qc6 20. Nxe4 dxe4 21. Be5 {[%emt 0:02:43] White has more active pieces.} Qe6 22. Bd4 {[%emt 0:00:01] Inhibits Rb6. Black is on the road to losing.} ({Of course not} 22. Qxb7 Rb6 23. Qa7 Rxb2 $11) 22... h5 ({Black should try} 22... Raa8) 23. Qxb7 $16 h4 24. Bxf6 Bxf6 25. Qxe4 Qxe4 26. Bxe4 {[%emt 0:00:01] [#] And now Bb7 would win.} Rb6 {[%emt 0:00:07] Inhibits Bb7.} 27. Rb1 Rc4 28. Bc2 Kg7 29. Rd5 Re6 (29... Rc8 {was called for.} 30. Rb5 (30. Rxa5 Rcb8 $18) 30... Rcb8) 30. e3 hxg3 31. hxg3 Re5 32. Rxe5 Bxe5 $18 {[%emt 0:00:00][%mdl 4096] Endgame KRB-KRB} 33. Kf1 g5 34. Ke2 Kf6 35. Rd1 Rc6 36. Bd3 Rb6 37. Bb5 Rd6 $2 {[#]} (37... Rb8 38. f4 gxf4) 38. f4 gxf4 39. gxf4 Rxd1 40. fxe5+ {[%emt 0:00:01] Weighted Error Value: White=0.14 (very precise) /Black=0.53} ({Not} 40. Kxd1 Bd6 41. Bc4 e6 $16) 1-0

[Event "German Rapid Championship 2022"]
[Site "Goettingen"]
[Date "2022.09.25"]
[Round "6.12"]
[White "Woelk, Tom-Frederic"]
[Black "Albert, Markus"]
[Result "1-0"]
[ECO "C63"]
[WhiteElo "2289"]
[BlackElo "2129"]
[Annotator "TA"]
[PlyCount "97"]
[EventDate "2022.09.24"]
[EventType "swiss"]
[EventCountry "GER"]
[SourceTitle "playchess.com"]
[Source "ChessBase"]
[SourceQuality "1"]
[TimeControl "900+10"]

1. e4 Nc6 2. Nf3 e5 3. Bb5 f5 4. d3 fxe4 5. dxe4 Nf6 6. O-O d6 7. Nc3 Be7 8. a4 {[%emt 0:00:19] 8.Bc4 gains popularity. C63: Ruy Lopez: Schliemann/Jaenisch Defence.} O-O 9. Bc4+ Kh8 10. Ng5 {[%emt 0:00:09] aiming for Nf7+. The position is equal.} Qe8 {[%emt 0:00:11] Prevents Nf7+.} 11. Ne6 Bxe6 (11... Qf7 $15 12. Nxc7 (12. Nxf8 Qxc4 13. Nxh7 Kxh7 $17) 12... Qxc4 13. Nxa8 Nb4) 12. Bxe6 $11 Nd4 {[%emt 0:00:11] [#]} 13. Bh3 $146 ({Predecessor:} 13. Ba2 Qg6 14. Be3 Nxe4 15. Bxd4 exd4 16. Qxd4 Ng5 17. f4 Nf7 18. Nd5 Bd8 19. Rae1 {0-1 (37) Svidler,P (2723)-Ponkratov,P (2628) Chess.com INT 2020}) 13... Qg6 14. f3 (14. Qd3 $11) 14... c6 (14... d5 $17 15. Be3 dxe4 16. Bxd4 Rad8) 15. Ne2 Nxe2+ 16. Qxe2 Rae8 17. Be3 a6 $1 18. c4 d5 19. cxd5 cxd5 20. exd5 Nxd5 21. Kh1 Nf4 ({Black should try} 21... e4 $11) 22. Bxf4 $14 exf4 {[%emt 0:00:01] This move loses the game for Black.} ({Better is} 22... Rxf4 $14 23. Qxe5 Bg5) 23. Bd7 $18 Bh4 {[%emt 0:00:16] Prevents Rfe1.} 24. Bxe8 Rxe8 25. Qc4 Qh6 26. Qf7 {[%emt 0:00:21][%cal Rf7e8] [#]} Rg8 (26... Qg6 $142 27. Qxf4 Bf6) 27. Rad1 Bg3 28. h3 Qb6 29. b3 Bh4 30. Qxf4 Bf6 31. Qc4 h6 32. Rde1 Rd8 33. Re2 Rd4 $2 (33... Qd4 34. Qf7 Qd7) 34. Re8+ Kh7 35. Qc2+ g6 36. Rfe1 {[%emt 0:00:29] [#] Black must now prevent R1e6.} Rd7 37. R8e6 Qd4 38. Qe4 {[%emt 0:00:15] And now Qxd4 would win.} Qc3 39. Re8 {[%emt 0:00:11] Hoping for Qe6.} Rg7 40. Qd5 Bh4 41. Rd1 h5 42. Re4 Bg3 43. Qd3 Qf6 44. f4 Bf2 (44... Qf5 $142 45. Qe3 h4) 45. Qe2 Ba7 46. Rf1 Rf7 47. f5 {[%emt 0:00:02] White mates.} Qg7 48. fxg6+ Qxg6 49. Rxf7+ {[%emt 0:00:02] Weighted Error Value: White=0.52/Black=0.45} 1-0